 Dungeon Crawl Stone Soup version 0.25-a0-1130-g3926558f3a (webtiles) character file.

Game seed: 12147423717368728442, levelgen mode: deterministic

35 Flugslaktarn the Covered (level 3, 33/33 HPs)
             Began as a Minotaur Fighter on May 19, 2020.
             Quit the game on level 2 of the Dungeon.
             The game lasted 00:00:31 (1174 turns).

Flugslaktarn the Covered (Minotaur Fighter)         Turns: 1174, Time: 00:00:31

Health: 33/33      AC:  7    Str: 21    XL:     3   Next: 17%
Magic:  2/2        EV:  7    Int:  5    God:
Gold:   57         SH:  9    Dex:  9    Spells: 2/2 levels left

rFire    . . .     SeeInvis .   a - +0 war axe
rCold    . . .     Gourm    .   c - +0 kite shield
rNeg     . . .     Faith    .   b - +0 scale mail
rPois    .         Spirit   .   (helmet restricted)
rElec    .         Reflect  .   (no cloak)
rCorr    .         Harm     .   (no gloves)
MR       .....                  (no boots)
Stlth    ..........             (no amulet)
HPRegen  0.11/turn              (no ring)
MPRegen  0.08/turn              (no ring)

@: no status effects
A: retaliatory headbutt, horns 2
a: no special abilities


You were on level 2 of the Dungeon.
You were not hungry.

You visited 1 branch of the dungeon, and saw 2 of its levels.

You collected 57 gold pieces.

Inventory:

Hand Weapons
 a - a +0 war axe (weapon)
Armour
 b - a +0 scale mail (worn)
 c - a +0 kite shield (worn)
Scrolls
 h - a scroll of identify {unknown}
 i - a scroll of enchant armour {unknown}
 j - a scroll of immolation {unknown}
 k - a scroll of enchant weapon {unknown}
Potions
 d - a potion of might
 g - a potion of degeneration {unknown}
Comestibles
 e - 5 rations
 f - a chunk of flesh


   Skills:
 + Level 4.0 Fighting
 * Level 3.3 Axes
 + Level 4.0 Armour
 + Level 4.0 Shields


You had 2 spell levels left.
You didn't know any spells.
Your spell library was empty.

Dungeon Overview and Level Annotations

Branches:
Dungeon (2/15)

Altars:


Innate Abilities, Weirdness & Mutations

You reflexively headbutt those who attack you in melee.
You have a pair of horns on your head.


Message History

No target in view!
No target in view!
No target in view!
No target in view!
No target in view!
Some of the chunks of flesh in your inventory have rotted away.
Some of the chunks of flesh in your inventory have rotted away.
HP restored.
j - a scroll labeled WEESMU NOHOGU
Things that are here:
a +0 spear; a kobold corpse
k - a scroll labeled IBENEA IBAUK A goblin comes into view.
It is wielding a +0 dagger.
The goblin shouts!
A bat comes into view.
There are monsters nearby!
There are monsters nearby!
You block the bat's attack.
Okay, then.
Are you sure you want to abandon this character and quit the game? (Confirm with "yes".)

#### ## #### .# #...#.
..# ..#####.##.#####>##
#. ...#.#.........#
.g###.#.#.(####.#.#
........#..###.###.
#..(.....)##.## ##
#b##......###(###.
####.#@#.......####.#.#
......(..........#
##..#
####.#..#...)...## ##..
# #.###.....## ### #.
#.....# #. #. #.#.#.#
#. #. #.#....# #. ..
#.#.....# . #........ #
.


You could see a goblin and a bat.

Vanquished Creatures
  A worm (D:2)
  2 leopard geckos
  A ball python (D:1)
  5 goblins
  2 hobgoblins
  4 jackals (D:1)
  A quokka (D:2)
  4 bats (D:1)
  2 frilled lizards
  5 kobolds
  3 rats
30 creatures vanquished.

Notes
Turn   | Place    | Note
-------+----------+-------------------------------------------
     0 | D:1      | Flugslaktarn the Minotaur Fighter began the quest for the
                  | Orb.
     0 | D:1      | Reached XP level 1. HP: 19/19 MP: 0/0
   155 | D:1      | Reached XP level 2. HP: 27/27 MP: 1/1
   972 | D:2      | Reached XP level 3. HP: 30/33 MP: 2/2
  1174 | D:2      | Quit the game

Illustrated notes

Levels and vault maps discovered:
D:1:      minmay_arrival_four_loops, layout_basic, nrook_uturn
D:2:      layout_loops_ring, uniq_terence, uniq_crazy_yiuf_cottage

Skill      XL: |  1  2  3 |
---------------+----------+-----
Axes           | 3 |  3.3
Armour         | 4 |  4.0
Fighting       | 4 |  4.0
Shields        | 4 |  4.0

Action                   || total
-------------------------++-------
Melee: War axe           ||    62
       Headbutt          ||     3
  Eat: Chunk             ||     1
Armor: Scale mail        ||    28
Dodge: Dodged            ||    21
Block: Kite shield       ||    33

Table legend:
 A = Non-vault XP
 B = Vault XP
 C = Vault XP percentage of total XP
 D = Non-vault monster count
 E = Vault monster count
 F = Vault count percentage of total count
                 A         B        C        D         E       F
            +---------+---------+-------+---------+---------+-------
      Total |      51 |       0 |   0.0 |      30 |       0 |   0.0
            +---------+---------+-------+---------+---------+-------
        D:1 |      30 |       0 |   0.0 |      19 |       0 |   0.0
        D:2 |      21 |       0 |   0.0 |      11 |       0 |   0.0
            +---------+---------+-------+---------+---------+-------
